 Dungeon Crawl Stone Soup version 0.29-a0-25-g7f48f510a0 (webtiles) character file.

Game seed: 16796567586203671815

182 Bosse the Skirmisher (level 5, -6/42 HPs)
             Began as a Demonspawn Abyssal Knight on Jan 31, 2022.
             Was a Follower of Lugonu.
             Mangled by a black bear (9 damage)
             ... on level 3 of the Dungeon.
             The game lasted 00:07:43 (3973 turns).

Bosse the Skirmisher (Demonspawn Abyssal Knight)    Turns: 3973, Time: 00:07:44

Health: -6/42      AC:  8    Str: 15    XL:     5   Next: 35%
Magic:  6/6        EV: 11    Int: 11    God:    Lugonu [*.....]
Gold:   133        SH:  0    Dex: 14    Spells: 4/4 levels left

rFire   . . .      SeeInvis .   a - +1 hand axe
rCold   . . .      Faith    .   (no shield)
rNeg    . . .      Spirit   .   i - +0 ring mail
rPois   .          Reflect  .   j - +0 helmet
rElec   .          Harm     .   (no cloak)
rCorr   .          Rampage  .   (no gloves)
Will    .....                   (no boots)
Stlth   +.........              (no amulet)
HPRegen 0.14/turn               (no ring)
MPRegen 0.10/turn               (no ring)

@: no status effects
A: slimy green scales 1, powered by death 1
a: Renounce Religion, Depart the Abyss


You were on level 3 of the Dungeon.
You worshipped Lugonu.
Lugonu was aware of your devotion.
You visited 1 branch of the dungeon, and saw 3 of its levels.
You visited the Abyss 1 time.

You collected 133 gold pieces.

Inventory:

Hand Weapons
 a - a +1 hand axe (weapon)
Armour
 b - a +0 leather armour
 i - a +0 ring mail (worn)
 j - a +0 helmet (worn)
Scrolls
 d - a scroll of teleportation
 l - a scroll of enchant weapon
Potions
 e - a potion of heal wounds {unknown}
 f - a potion of resistance {unknown}
 g - a potion of flight {unknown}
 h - a potion of mutation {unknown}
 k - a potion of curing


   Skills:
 + Level 4.0 Fighting
 + Level 3.3 Axes
 + Level 3.0 Armour
 + Level 1.4 Dodging
 + Level 2.6 Invocations


You had 4 spell levels left.
You didn't know any spells.
Your spell library contained the following spells:

 Spells                   Type           Power      Damage    Failure   Level
 Confusing Touch          Hex            0%         N/A       90%         3
 Yara's Violent Unravell  Hex/Tmut       0%         3d3       100%        5
 Enfeeble                 Hex            0%         N/A       100%        7


Dungeon Overview and Level Annotations

Branches:
Dungeon (3/15)

Altars:


Innate Abilities, Weirdness & Mutations

You are partially covered in slimy green scales. (AC +2)
You regenerate a little health from kills.


Message History

The black bear bites you. The black bear barely misses you.
The black bear claws you but does no damage.
The endoplasm jiggles.
You hit the black bear.
The black bear is heavily wounded.
The black bear bites you but does no damage.
The black bear barely misses you.
The black bear claws you but does no damage.
A worm comes into view.
You hit the black bear.
The black bear is severely wounded.
The black bear bites you but does no damage.
The black bear claws you.
The black bear claws you but does no damage.
The black bear completely misses you. The black bear barely misses you.
The black bear claws you but does no damage.
You hit the black bear.
The black bear is severely wounded.
The black bear goes berserk!
You closely miss the black bear.
The black bear is severely wounded.
The black bear bites you!
* * * LOW HITPOINT WARNING * * *
The black bear claws you but does no damage. x2
You closely miss the black bear.
You punch the black bear, but do no damage.
The black bear is severely wounded.
The black bear bites you!
* * * LOW HITPOINT WARNING * * *
The black bear claws you.
* * * LOW HITPOINT WARNING * * *
The black bear claws you but does no damage.
The black bear barely misses you.
The black bear claws you but does no damage.
The black bear closely misses you.
You hit the black bear.
The black bear is severely wounded.
The black bear barely misses you. The black bear closely misses you.
The black bear barely misses you. The black bear bites you!
You die...

#...... #...... #......
#...... #...... #<...).
..# #......
.$..l#############.#####
...wgrh@...........#
#.#.#############..#
..## #.## #. #. .. ..


You could see a black bear (berserk), a worm, a quokka, a goblin and a frilled
lizard.

Vanquished Creatures
  A hound (D:2)
  Natasha (twice) (D:2)
  Robin (D:2)
  4 adders
  3 dart slugs (D:2)
  2 ball pythons (D:2)
  8 endoplasms
  A giant cockroach (D:2)
  3 hobgoblins (D:1)
  4 jackals (D:2)
  2 quokkas (D:1)
  2 bats
  2 frilled lizards
  10 goblins
  2 kobolds
  5 rats
52 creatures vanquished.

Notes
Turn   | Place    | Note
-------+----------+-------------------------------------------
     0 | Abyss:1  | Bosse the Demonspawn Abyssal Knight began the quest for the
                  | Orb.
     0 | Abyss:1  | Reached XP level 1. HP: 18/18 MP: 2/2
     0 | D:1      | Escaped the Abyss
   619 | D:1      | Gained mutation: You regenerate a little health from kills.
                  | [demonic ancestry]
   619 | D:1      | Reached XP level 2. HP: 9/24 MP: 3/3
   819 | D:1      | Reached * piety under Lugonu
   907 | D:1      | Reached skill level 1 in Dodging
  1829 | D:2      | HP: 1/24 [hound (1)]
  1831 | D:2      | Gained mutation: You are partially covered in slimy green
                  | scales. (AC +2) [demonic ancestry]
  1831 | D:2      | Reached XP level 3. HP: 3/29 MP: 4/4
  2466 | D:2      | Reached XP level 4. HP: 36/36 MP: 5/5
  2665 | D:2      | Noticed Robin
  2694 | D:2      | Killed Robin
  3014 | D:2      | Noticed Natasha
  3030 | D:2      | Killed Natasha
  3031 | D:2      | Reached skill level 4 in Fighting
  3223 | D:2      | Noticed Natasha
  3240 | D:2      | Killed Natasha
  3241 | D:2      | Reached XP level 5. HP: 23/42 MP: 6/6
  3949 | D:3      | Noticed a black bear
  3973 | D:3      | Mangled by a black bear

Illustrated notes

Levels and vault maps discovered:
D:1:      tarquinn_simple_flora_water_d, layout_loops_corners
D:2:      layout_basic, kennysheep_generic_room_10, uniq_natasha, uniq_robin
D:3:      layout_rooms, ebering_ecumenical_altar_webs, serial_park_tiny_2,
          st_stairs_1, interstate_on_off, uniq_terence

Skill      XL: |  1  2  3  4  5 |
---------------+----------------+-----
Axes           | 2 3 |  3.3
Dodging        | 1 |  1.4
Armour         | 2 3 |  3.0
Fighting       | 4 |  4.0
Invocations    | |  2.6

Action                   |  1- 3 |  4- 6 || total
-------------------------+-------+-------++-------
Melee: Hand axe          |   108 |   111 ||   219
       Punch             |     1 |     4 ||     5
       Unarmed           |       |    12 ||    12
Invok: Depart the Abyss  |     1 |       ||     1
  Use: Scroll            |     1 |     1 ||     2
       Potion            |     1 |       ||     1
Armor: Leather armour    |    18 |       ||    18
       Ring mail         |    10 |    61 ||    71
       Skin              |       |    16 ||    16
Dodge: Dodged            |    68 |    67 ||   135

Table legend: (Time is in decaauts)
 A = Elapsed time spent in this place.
 B = Non-inter-level travel time spent in this place.
 C = Inter-level travel time spent in this place.
 D = Time resting spent in this place.
 E = Time spent auto-exploring this place.
 F = Levels seen in this place.
 G = Mean time per level.
                   A        B        C        D        E       F      G
               +--------+--------+--------+--------+--------+-----+--------+
         Total |   4011 |   3921 |     90 |   1577 |   1816 |   4 | 1002.8 |
       Dungeon |   4011 |   3921 |     90 |   1577 |   1816 |   3 | 1337.0 |
         Abyss |      0 |      0 |      0 |      0 |      0 |   1 |    0.0 |
               +--------+--------+--------+--------+--------+-----+--------+

Top non-repeatable levels by time:
     D:2: 2419 daAuts
     D:1: 1520 daAuts
     D:3: 72 daAuts
